AoeStats
← [CL] Al3jandr0.magn00

MegaRandom

503640280Analyzed
1v1 RM · 1mo ago on Sep 1, 2026· 34m 30s· 2 players
Game mode
Random Map
Map size
Tiny (2 player)
Population
200
Speed
Normal
Resources
Standard
Victory
Conquest
Starting age
Dark Age
Ending age
Imperial Age
RankedLock teamsTeams togetherTeam positionsShared explorationLock speedFull tech treeHidden civsTurbo modeCheats
Victory
Defeat
🇦🇷 Hindustanis · Argentina
1883
+12
🇩🇪 Huns · Germany
1790
-12
[CL] Al3jandr0.magn00
0:50 Loom
10:26 Feudal Age
11:25 Double-Bit Axe
14:08 Castle Age
12:04 Horse Collar
13:00 Wheelbarrow
12:54 Scale Mail Armor
13:44 Stone Mining
14:50 Fletching
15:50 Chain Mail Armor
17:12 Bodkin Arrow
22:09 Squires
21:55 Arson
25:15 Gold Mining
28:11 Hand Cart
28:38 Forging
32:53 Imperial Age
32:58 Elite Ghulam
34:46 Iron Casting
34:11 Town Watch
RiseoftheRuben
0:37 Loom
9:44 Feudal Age
13:07 Castle Age
11:01 Double-Bit Axe
12:03 Fletching
14:05 Bodkin Arrow
14:12 Padded Archer Armor
18:57 Ballistics
19:09 Husbandry
19:19 Bloodlines
20:55 Wheelbarrow
22:26 Thumb Ring
26:45 Hand Cart
29:29 Imperial Age
27:40 Gold Mining
30:16 Bracer
31:32 Chemistry
32:46 Town Watch
Connection lost

Rejoining the realm…

Still unreachable

The connection could not be restored.

Session expired

The server has moved on; the page needs a fresh start.